 Dungeon Sprint DCSS version 0.30-a0-883-g5ad918d77d (webtiles) character file.

Game seed: 13260571598251005925

28 sircluck the Trooper (level 3, -1/25 HPs)
             Began as a Gargoyle Fighter on Mar 16, 2023.
             Slain by a scorpion (4 damage)
             ... in the Dungeon (Sprint III: "The Ten Rune Challenge").
             The game lasted 00:00:32 (54 turns).

sircluck the Trooper (Gargoyle Fighter)               Turns: 54, Time: 00:00:33

Health: -1/25      AC: 10    Str: 21    XL:     3   Next: 14%
Magic:  3/3        EV:  9    Int: 14    God:
Gold:   0          SH:  4    Dex:  9    Spells: 2/2 levels left

rFire   . . .      SeeInvis .    a - +0 flail
rCold   . . .      Faith    .    c - +0 buckler
rNeg    + . .      Spirit   .    b - +0 scale mail
rPois   ∞          Reflect  .    (no helmet)
rElec   +          Rampage  .    (no cloak)
rCorr   .          NoTele   +    (no gloves)
Will    .....                    (no boots) Stlth
                                 (no amulet)
HPRegen 0.24/turn                l - +6 ring of intelligence
MPRegen 0.08/turn                (no ring)

@: no status effects
A: sickness immunity, AC +3, negative energy resistance 1, electricity
resistance, torment resistance 1, petrification resistance
a: no special abilities


You were in the Dungeon.
You visited 1 branch

Inventory:

Hand Weapons
 a - a +0 flail (weapon)
Missiles
 k - 5 stones (quivered)
Armour
 b - a +0 scale mail (worn)
 c - a +0 buckler (worn)
Jewellery
 l - a +6 ring of intelligence (left hand)
Scrolls
 j - a scroll of blinking
Potions
 d - a potion of might
 e - a potion of curing
 f - a potion of heal wounds
 g - a potion of haste
 h - 2 potions of magic
 i - a potion of berserk rage


   Skills:
 + Level 4.9 Fighting
 + Level 2.8 Maces & Flails
 + Level 4.8 Armour
 + Level 4.7 Shields


You had 2 spell levels left.
You didn't know any spells.
Your spell library was empty.

Dungeon Overview and Level Annotations

Branches:
Dungeon (1/1)

Altars:


Innate Abilities, Weirdness & Mutations

You are immune to sickness and miasma.
Your stone body is resilient. (AC +3)
You are immune to poison.
You resist negative energy. (rN+)
You are resistant to electric shocks. (rElec)
You are resistant to unholy torment.
You are immune to petrification.


Message History

The human hits you!
* * * LOW HITPOINT WARNING * * *
You are too injured to fight recklessly!
You are too injured to fight recklessly!
You are too injured to fight recklessly!
You barely miss the human.
The scorpion stings you but does no damage.
The human barely misses you. The scorpion completely misses you.
You hit the scorpion.
The scorpion is moderately wounded.
The human barely misses you. The scorpion closely misses you.
The human closely misses you. The scorpion closely misses you.
You hit the human.
The human is lightly wounded.
The human barely misses you. The scorpion stings you.
* * * LOW HITPOINT WARNING * * *
You thump the scorpion!
The scorpion is severely wounded.
The scorpion stings you but does no damage.
The human hits you but does no damage. The scorpion barely misses you.
The human hits you.
* * * LOW HITPOINT WARNING * * *
You barely miss the scorpion.
The scorpion is severely wounded.
The scorpion stings you.
* * * LOW HITPOINT WARNING * * *
The human hits you but does no damage.
You closely miss the scorpion.
The scorpion is severely wounded.
You block the scorpion's attack. The human barely misses you.
The scorpion closely misses you.
You hit the scorpion but do no damage.
The scorpion is severely wounded.
You block the scorpion's attack. The human closely misses you.
The scorpion stings you but does no damage.
The human hits you but does no damage.
You closely miss the scorpion.
The scorpion is severely wounded.
The scorpion stings you.
You die...

▓▓▓▓ ▓▓▓▓▓▓▓
▓<.# +.....♣♣
▓..# #......♣
▓#'####....♣.♣
▓.....#....~♣
▓.....#.s.~~♣♣..
▓.....#.@~~~~.♣♣
▓####'#.p~≈≈~~~♣
▓..)..#.~~≈~~~..
▓.....#.~≈~~~...
▓.....#.~~~.....
▓'#####.........
▓...............
▓▓▓▓▓▓▓▓▓▓▓▓▓▓▓▓


You could see a human and a scorpion.

Vanquished Creatures
  Jessica (D)
  2 endoplasms (D)
3 creatures vanquished.

Notes
Turn   | Place    | Note
-------+----------+-------------------------------------------
     0 | D        | sircluck the Gargoyle Fighter began the quest for the Orb.
     0 | D        | Reached XP level 1. HP: 14/14 MP: 1/1
    11 | D        | Noticed Jessica
    13 | D        | Killed Jessica
    14 | D        | Reached XP level 2. HP: 20/20 MP: 2/2
    14 | D        | Reached XP level 3. HP: 25/25 MP: 3/3
    36 | D        | Noticed a scorpion
    54 | D        | Slain by a scorpion

Illustrated notes

Levels and vault maps discovered:
D:        dungeon_sprint_mu [sprint_mu_entry_forest, sprint_mu_temple_rooms,
          sprint_mu_d1_horrors, sprint_mu_d2_genie, sprint_mu_d3_branching,
          sprint_mu_orc_legion, sprint_mu_elf_gauntlet, sprint_mu_hive_nellie,
          sprint_mu_lair_fedhas, sprint_mu_vaults_butterflies,
          sprint_mu_slime_circle, sprint_mu_swamp_cave, sprint_mu_shoals_kraken,
          sprint_mu_blade_basic, sprint_mu_crypt_chambers,
          sprint_mu_tomb_spiral, sprint_mu_vestibule_basic,
          sprint_mu_gehenna_hellfire, sprint_mu_dis_giant,
          sprint_mu_tartarus_statrot, sprint_mu_cocytus_islands, sprint_mu_zot1]

Skill      XL: |  1 |
---------------+----+-----
Fighting       | 4 |  4.9
Armour         | 4 |  4.8
Shields        | 4 |  4.7
Maces & Flails | |  2.8

Action                     || total
---------------------------++-------
  Melee: Flail             ||    19
 Armour: Scale mail        ||    11
  Dodge: Dodged            ||    16
  Block: Buckler           ||     4

Table legend: (Time is in decaauts)
 A = Elapsed time spent in this place.
 B = Non-inter-level travel time spent in this place.
 C = Inter-level travel time spent in this place.
 D = Time resting spent in this place.
 E = Time spent auto-exploring this place.
 F = Levels seen in this place.
 G = Mean time per level.
                   A        B        C        D        E       F      G
               +--------+--------+--------+--------+--------+-----+--------+
         Total |     59 |     59 |      0 |      0 |      2 |   1 |   59.0 |
       Dungeon |     59 |     59 |      0 |      0 |      2 |   1 |   59.0 |
               +--------+--------+--------+--------+--------+-----+--------+

Top non-repeatable levels by time:
       D: 59 daAuts
